 Dungeon Crawl Stone Soup version 0.17-a0-737-gf0a300a (webtiles) character file.

1131 Ngotmuk the Chopper (level 8, -5/76 HPs)
             Began as a Deep Dwarf Fighter on Apr 27, 2015.
             Slain by an ogre
             ... wielding a cursed -3 giant club
              (8 damage)
             ... on level 6 of the Dungeon.
             The game lasted 00:15:39 (4252 turns).

Ngotmuk the Chopper (Deep Dwarf Fighter)            Turns: 4252, Time: 00:15:39

Health: -5/76      AC: 20    Str: 22    XL:     8   Next: 13%
Magic:  7/7        EV:  7    Int: 12    God:
Gold:   20         SH: 10    Dex: 12    Spells: 0 memorised, 7 levels left

rFire  . . .     SeeInvis .     a - +0 war axe
rCold  . . .     Clarity  .     z - +6 scale mail of the Bulwark {rElec MR+ Int+3 Stlth+}
rNeg   . . .     SustAb   +     c - +0 shield
rPois  +         Gourm    .     q - +0 helmet
rElec  +         Spirit   .     i - +0 cloak (curse)
rCorr  .         Warding  .     y - +2 pair of gloves {archery}
rMut   .         Stasis   .     v - +0 pair of boots
MR     ++...                    (no amulet)
Stlth  +.........               h - ring of poison resistance
                                p - ring of sustain abilities

@: non-regenerating, very resistant to hostile enchantments, very unstealthy
A: damage resistance, recharge devices, sense surroundings 1, slow healing 3
a: Device Recharging


You were on level 6 of the Dungeon.
You were not hungry.

You visited 1 branch of the dungeon, and saw 6 of its levels.

You collected 272 gold pieces.
You spent 252 gold pieces at shops.

Inventory:

Hand weapons
 a - a +0 war axe (weapon)
Armour
 c - a +0 shield (worn)
 i - a cursed +0 cloak (worn)
 q - a +0 helmet (worn)
 v - a +0 pair of boots (worn)
 y - a +2 pair of gloves of archery (worn)
 z - the +6 scale mail of the Bulwark (worn) {rElec MR+ Int+3 Stlth+}
   (You found it on level 6 of the Dungeon)

   It affects your intelligence (+3).
   It insulates you from electricity.
   It affects your resistance to hostile enchantments.
   It makes you more stealthy.
Jewellery
 h - a ring of poison resistance (right hand)
 p - a ring of sustain abilities (left hand)
Magical devices
 e - a wand of heal wounds (0)
Scrolls
 b - a scroll of immolation
 j - 2 scrolls of fog
 l - a scroll of magic mapping
 n - 6 scrolls of remove curse
 s - 2 scrolls of enchant weapon
 t - 2 scrolls of teleportation
Potions
 d - a potion of might
 g - a potion of brilliance
 k - a potion of lignification {unknown}
 o - 2 potions of restore abilities
 u - a potion of agility
 x - a potion of haste
 A - a potion of curing
Comestibles
 f - 2 bread rations
 m - a beef jerky


   Skills:
 * Level 5.6 Fighting
 * Level 6.7 Axes
 + Level 5.2 Armour
 + Level 5.4 Shields


You had 7 spell levels left.
You didn't know any spells.

Dungeon Overview and Level Annotations

Branches:
Dungeon (6/15)
 Temple: D:4-7

Altars:
Gozag
Qazlal
Vehumet
Xom

Shops:
D:4 *   D:5 [


Innate Abilities, Weirdness & Mutations

You are resistant to damage.
You can recharge devices by infusing magical energy.
You passively map a small area around you.
You do not heal naturally.


Message History

You closely miss the hound. You block the hound's attack.
You block the hound's attack.
You hit the hound.
The hound is moderately wounded.
You block the hound's attack. The hound bites you.
* * * LOW HITPOINT WARNING * * *
You slash the hound!
You kill the hound!
You see here a hound corpse.
An ogre comes into view. It is wielding a giant club.
The ogre shouts!
Read which item? (? for menu, Esc to quit)
Okay, then.
You open the door. You closely miss the ogre.
The ogre hits you with a giant club!!
* * * LOW HITPOINT WARNING * * *
You slash the ogre!
The ogre is heavily wounded.
The ogre hits you with a giant club!
You die...

.. **+
...^..^≈.#......... .
...._..........######
^≈...≈≈.^......'.....
#§.≈.^###≈.....######
, , #..§.§#≈(###### ,
^##≈...#§^.#
...^^≈..§§.≈+##### *
, ....###'..†.......#
, ........@.........#
, ........O.........#
###...............# *
#................ *
,..................
.......%......... ,
..............., ,
...###+###+## , ,..*
* ,


You could see an ogre.

Vanquished Creatures
  Prince Ribbit (D:5)
  The ghost of hornqvist the Cudgeler, an average NaFi (D:3)
  2 ogres
  A centaur (D:5)
  2 giant frogs
  A scorpion (D:4)
  A giant frog zombie (D:5)
  2 hounds
  A centaur skeleton (D:4)
  3 worker ants
  An iguana (D:4)
  An orc wizard (D:3)
  3 gnolls (D:2)
  8 adders
  An adder skeleton (D:4)
  A worm (D:4)
  4 giant geckos
  3 orcs (D:3)
  2 ball pythons
  7 bats
  2 giant cockroaches
  11 goblins
  9 hobgoblins
  4 jackals (D:5)
  3 quokkas
  A giant gecko zombie (D:4)
  3 giant newts
  9 kobolds
  11 rats
  2 ballistomycetes (D:6)
101 creatures vanquished.

Vanquished Creatures (others)
  A giant spore (D:6)
1 creature vanquished.

Grand Total: 102 creatures vanquished

Notes
Turn   | Place    | Note
--------------------------------------------------------------
     0 | D:1      | Ngotmuk, the Deep Dwarf Fighter, began the quest for the Orb.
     0 | D:1      | Reached XP level 1. HP: 20/20 MP: 1/1
   198 | D:1      | Reached XP level 2. HP: 25/27 MP: 2/2
   459 | D:2      | Found a radiant altar of Vehumet.
   608 | D:2      | Reached XP level 3. HP: 25/34 MP: 3/3
   639 | D:2      | You fall through a shaft!
   642 | D:3      | Noticed a giant frog
   656 | D:3      | Noticed hornqvist's ghost (average NaFi)
   718 | D:2      | Reached skill level 4 in Shields
   804 | D:2      | Reached XP level 4. HP: 17/42 MP: 4/4
  1202 | D:4      | Reached XP level 5. HP: 18/49 MP: 5/5
  1320 | D:4      | Found Oludeuca's Assorted Antiques.
  1429 | D:4      | Noticed an ogre
  1440 | D:4      | Killed an ogre
  1440 | D:4      | Reached XP level 6. HP: 9/57 MP: 6/6
  2324 | D:3      | Killed a giant frog
  2324 | D:3      | Reached skill level 5 in Axes
  2416 | D:3      | Killed hornqvist's ghost
  2416 | D:3      | Reached XP level 7. HP: 25/66 MP: 7/7
  3004 | D:5      | Entered Level 5 of the Dungeon
  3049 | D:5      | Got a sheer robe
  3060 | D:5      | Identified the +1 robe of Xehot {rN+ Int+4 Dex-5} (You found it on level 5 of the Dungeon)
  3127 | D:5      | Found Xastilap's Antique Armour Boutique.
  3154 | D:5      | Noticed Prince Ribbit
  3195 | D:5      | Found a shimmering altar of Xom.
  3207 | D:5      | Found an opulent altar of Gozag.
  3326 | D:5      | Reached skill level 5 in Fighting
  3410 | D:5      | Bought a scorched ring mail for 252 gold pieces
  3420 | D:5      | Identified the +4 ring mail of the Villain {Str+6} (You bought it in a shop on level 5 of the Dungeon)
  3549 | D:5      | Reached skill level 5 in Shields
  3743 | D:5      | HP: 3/67 [giant frog (1)]
  3749 | D:5      | Reached skill level 6 in Axes
  3780 | D:5      | Killed Prince Ribbit
  3780 | D:5      | Reached skill level 5 in Armour
  3780 | D:5      | Reached XP level 8. HP: 31/75 MP: 7/7
  4137 | D:6      | Got a fine scale mail
  4148 | D:6      | Identified the +6 scale mail of the Bulwark {rElec MR+ Int+3 Stlth+} (You found it on level 6 of the Dungeon)
  4226 | D:6      | Found a stormy altar of Qazlal.
  4251 | D:6      | HP: 3/76 [ogre/giant club (17)]
  4252 | D:6      | Slain by an ogre

Action                   |  1- 3 |  4- 6 |  7- 9 || total
-------------------------+-------+-------+-------++-------
Melee: War axe           |   104 |   110 |   161 ||   375
 Abil: Device Recharging |       |       |     1 ||     1
Evoke: Wand              |       |     4 |     4 ||     8
  Use: Scroll            |       |       |    12 ||    12
  Eat: Meat ration       |       |     1 |     2 ||     3
